[Event "Late-Titled-Tuesday-Blitz-June-18-2024"]
[Site "Chess.com"]
[Date "2024.06.18"]
[Round "4"]
[White "farzadbfd"]
[Black "harshu27"]
[Result "0-1"]
[WhiteElo "2699"]
[BlackElo "2551"]
[TimeControl "180+1"]
[EndTime "14:41:58 PDT"]
[Termination "harshu27 won by resignation"]

1. e4 c5 2. Nc3 d6 3. g3 g6 4. Bg2 Bg7 5. d3 e5 6. Be3 Ne7 7. Nge2 Nbc6 8. f4 Be6 9. fxe5 Nxe5 10. Nf4 O-O 11. O-O Ng4 12. Nxe6 Nxe3 13. Nxd8 Nxd1 14. Nxd1 Rfxd8 15. a4 Nc6 16. c3 Rab8 17. Ne3 b5 18. axb5 Rxb5 19. Nc4 Ne5 20. Rxa7 Nxc4 21. dxc4 Rxb2 22.
e5 Bxe5 23. Bd5 Rf8 24. Rf3 Rb3 25. g4 Rxc3 26. Rfxf7 Rxf7 27. Rxf7 Kh8 28. g5 Bg7 29. Rd7 h6 30. Rd8+ Kh7 31. Bg8+ Kh8 32. Bf7+ Kh7 33. Rxd6 Bd4+ 34. Kg2 Rc2+ 35. Kf3 Rf2+ 36. Kg4 h5+ 37.
Kh3 Rxf7 38. Kh4 Kg7 39. h3 Rf4+ 40. Kg3 Be5 41. Rd7+ Rf7+ 0-1

[Event "Late-Titled-Tuesday-Blitz-June-18-2024"]
[Site "Chess.com"]
[Date "2024.06.18"]
[Round "4"]
[White "rhungaski"]
[Black "LoonsDeKoeben"]
[Result "1-0"]
[WhiteElo "2610"]
[BlackElo "2415"]
[TimeControl "180+1"]
[EndTime "14:41:58 PDT"]
[Termination "rhungaski won on time"]

1. Nf3 Nf6 2. c4 e6 3. g3 b6 4. Bg2 Bb7 5. O-O Be7 6. Nc3 O-O 7. Re1 Ne4 8. Nxe4 Bxe4 9. d3 Bb7 10. e4 d6 11. d4 Nd7 12. Bd2 b5 13. cxb5 a6 14.
bxa6 Rxa6 15. a3 Qa8 16. Qc2 c5 17. d5 exd5 18. exd5 Bf6 19. Qf5 Ne5 20. Nxe5 Bxe5 21. Rxe5 dxe5 22. Qxe5 Re8 23. Qh5 Rd6 24. Bc3 Bxd5 25.
Qg5 g6 26. Bf1 f6 27. Bxf6 Kf7 28. Bc3 Rde6 29. Qh6 Rg8 30. Qxh7+ Kf8 31. Qh6+ Kf7 32. Qf4+ Ke7 33. Qc7+ Ke8 34. Qxc5 Qc6 35. Qd4 Re4 36. Qd3 Rf8 37. Rd1 Qc5 38. Bd4 Qd6 39. Be3 Rf5 40. Qxe4+ 1-0

[Event "Late-Titled-Tuesday-Blitz-June-18-2024"]
[Site "Chess.com"]
[Date "2024.06.18"]
[Round "4"]
[White "Maus7"]
[Black "yoursillykitten"]
[Result "1-0"]
[WhiteElo "2615"]
[BlackElo "2826"]
[TimeControl "180+1"]
[EndTime "14:41:59 PDT"]
[Termination "Maus7 won on time"]

1. e4 d5 2. exd5 Nf6 3. d4 Bg4 4. Bb5+ Nbd7 5. Be2 Bxe2 6. Qxe2 Nxd5 7. c4 N5f6 8. Nf3 e6 9. O-O Be7 10. d5 exd5 11.
Re1 Nf8 12. cxd5 Nxd5 13. Qb5+ c6 14. Qxb7 Qc8 15. Qb3 Ne6 16. Nc3 Rb8 17. Qa4 Nb4 18. Bg5 Bc5 19. Ne5 O-O 20. a3 Nxg5 21. axb4 Rxb4 22.
Qxc6 Rxb2 23. Nd1 Rb7 24. h4 Rc7 25. Qd5 Ne6 26. Nxf7 Rcxf7 27. Qxe6 Qb7 28. Qe4 Qc8 29. Ra2 Bb6 30. g3 Kh8 31. Kg2 Qd7 32. Ree2 Qc7 33. Rac2 Qd7 34. Qe6 Qxd1 35. Qxf7 Qd8 36. Qe6 Qa8+ 37.
Qe4 Rxf2+ 38. Kh3 Qf8 39. Rxf2 Bxf2 40. Rxf2 1-0

[Event "Late-Titled-Tuesday-Blitz-June-18-2024"]
[Site "Chess.com"]
[Date "2024.06.18"]
[Round "4"]
[White "BirdMaster3000"]
[Black "el_sporco"]
[Result "1-0"]
[WhiteElo "2787"]
[BlackElo "2569"]
[TimeControl "180+1"]
[EndTime "14:42:01 PDT"]
[Termination "BirdMaster3000 won by resignation"]

1. f4 e5 2. fxe5 d6 3. exd6 Bxd6 4. Nf3 g5 5. g3 g4 6. Nh4 Ne7 7. d4 Ng6 8. Nxg6 hxg6 9. Qd3 Nc6 10. c3 Qe7 11. Bg2 Bd7 12. Nd2 O-O-O 13. Ne4 f6 14. O-O Bf5 15. Nxd6+ cxd6 16. Rxf5 gxf5 17. Qxf5+ Kb8 18.
Qxg4 Rhg8 19. Qf3 Rde8 20. Bf4 Qxe2 21. Bxd6+ Ka8 22. Rf1 Qxb2 23. h4 Rc8 24. h5 Qxa2 25. Qxf6 Qd2 26. d5 Na5 27. h6 Nc4 28. Bf4 Ne3 29.
Bf3 Qd3 30. Re1 Nxd5 31. Bxd5 Qxd5 32. h7 Rgf8 33. Qg7 Qc5+ 34. Kh2 Qxc3 35. Qxc3 Rxc3 36. Be5 Rcc8 37. Re4 b5 38. Rh4 Rh8 39. Bxh8 Rxh8 40. g4 b4 41. g5 b3 42. g6 b2 43. Rb4 1-0

[Event "Late-Titled-Tuesday-Blitz-June-18-2024"]
[Site "Chess.com"]
[Date "2024.06.18"]
[Round "4"]
[White "Lennis93"]
[Black "Giantgoogachess"]
[Result "0-1"]
[WhiteElo "2639"]
[BlackElo "2497"]
[TimeControl "180+1"]
[EndTime "14:42:01 PDT"]
[Termination "Giantgoogachess won on time"]

1. a3 d5 2. Nf3 Nf6 3. g3 Bg4 4. Bg2 e6 5. c4 c6 6. Qb3 Qb6 7. Qxb6 axb6 8. b3 Nbd7 9. Bb2 Nc5 10. b4 Nb3 11. Ra2 dxc4 12. Ne5 Bf5 13. Nc3 Nd5 14. Nxc4 b5 15. Ne3 Bg6 16. h4 h6 17. h5 Bh7 18.
d4 Be7 19. Ng4 O-O 20. e4 Nf6 21. Ne5 Nxd4 22. O-O Rfd8 23. g4 Nb3 24. Ba1 Bd6 25.
Nf3 Nxa1 26. e5 Bxe5 27. Nxe5 Nc2 28. f4 Rxa3 29. Rxa3 Nxa3 30. Bf3 Nc2 31. g5 hxg5 32. fxg5 Bf5 33. gxf6 gxf6 34. Ng4 Nxb4 35. Nxf6+ Kg7 36.
Nfe4 Nd3 37. Ng3 Bh7 38. Nce4 b4 39. Ng5 Ne5 40. h6+ Kxh6 41. N5e4 Nxf3+ 42. Rxf3 Bxe4 43. Nxe4 f5 44. Nc5 e5 45. Rxf5 Rd5 46. Ne4 b3 47. Rf6+ Kg7 48. Rf2 c5 0-1

[Event "Late-Titled-Tuesday-Blitz-June-18-2024"]
[Site "Chess.com"]
[Date "2024.06.18"]
[Round "4"]
[White "olawsson"]
[Black "Road2GM3000"]
[Result "0-1"]
[WhiteElo "2160"]
[BlackElo "2456"]
[TimeControl "180+1"]
[EndTime "14:42:01 PDT"]
[Termination "Road2GM3000 won by resignation"]

1. d4 d5 2. c4 c6 3. cxd5 cxd5 4. Nc3 Nf6 5. Nf3 Nc6 6. Bf4 a6 7. e3 Bf5 8. Ne5 g6 9. Nxc6 bxc6 10. Qa4 Bd7 11.
Qc2 Bg7 12. Na4 O-O 13. Nc5 Bf5 14. Bd3 Bxd3 15. Qxd3 Nd7 16. Rc1 Nxc5 17. Rxc5 Qb6 18. Qc3 Rac8 19. O-O Rfe8 20. Rc1 e5 21. dxe5 Bf8 22.
Rxc6 Rxc6 23. Qxc6 Qxb2 24. h3 Re6 25. Qc2 Qa3 26. Rd1 Rb6 27. Rxd5 Kg7 28. Rd2 a5 29. Qc7 Qb4 30. Rd7 Qb1+ 31. Kh2 Rb2 32. Rxf7+ Kg8 33. Rxh7 Qxa2 34. Bg3 Rc2 35. Qd7 Rd2 36. Qa7 a4 37.
Rb7 a3 38. e6 Qxe6 39. Rb8 a2 40. Qa8 Qf7 41. Bd6 Rxd6 42. Qxa2 Qxa2 43. Rxf8+ Kxf8 0-1

[Event "Late-Titled-Tuesday-Blitz-June-18-2024"]
[Site "Chess.com"]
[Date "2024.06.18"]
[Round "4"]
[White "RebecaJimnz"]
[Black "Boudicca64"]
[Result "1-0"]
[WhiteElo "2283"]
[BlackElo "1874"]
[TimeControl "180+1"]
[EndTime "14:42:03 PDT"]
[Termination "RebecaJimnz won on time"]

1. e4 d5 2. exd5 Qxd5 3. Nc3 Qa5 4. d4 Nf6 5. Bd2 a6 6. Nf3 Nc6 7. Bc4 Qh5 8. Ne5 Nxe5 9. Qxh5 Nxh5 10. dxe5 g6 11. f3 b5 12. Bb3 Bb7 13. O-O-O c5 14. a4 c4 15. Ba2 b4 16. Ne2 a5 17. Bxc4 O-O-O 18. Bxf7 Bc6 19. b3 Ng7 20. Be3 e6 21. Bb6 Rxd1+ 22. Rxd1 Be7 23. Nd4 Bd7 24. Bxa5 Rf8 25.
Bxe6 Nxe6 26. Nxe6 Bxe6 27. Bb6 Kb7 28. a5 Rc8 29. Kb2 Bc5 30. Bxc5 Rxc5 31. Rd4 Rxa5 32. Rxb4+ Kc6 33. Re4 Rd5 34. Re2 Rd1 35. f4 Rg1 36. h3 Bd5 37. g4 Rg2 38. Rxg2 Bxg2 39. h4 Bf3 40. f5 1-0

[Event "Late-Titled-Tuesday-Blitz-June-18-2024"]
[Site "Chess.com"]
[Date "2024.06.18"]
[Round "4"]
[White "Abund"]
[Black "ACollins05"]
[Result "1-0"]
[WhiteElo "2676"]
[BlackElo "2409"]
[TimeControl "180+1"]
[EndTime "14:42:06 PDT"]
[Termination "Abund won by resignation"]

1. g3 d5 2. Bg2 Nf6 3. d4 Bf5 4. c4 c6 5. Qb3 Qb6 6. c5 Qxb3 7. axb3 Na6 8. Bd2 e5 9. dxe5 Nd7 10. b4 Nxe5 11. Bc3 Nd7 12. Nf3 Nc7 13. Nd4 Bg6 14.
Nd2 Be7 15. N2b3 Bf6 16. Na5 Rb8 17. h4 h6 18. Bh3 Bxd4 19. Bxd4 Rg8 20. O-O Ne6 21.
Bc3 Ke7 22. Nb3 a6 23. Rfe1 Nf6 24. f3 Rgd8 25. Na5 d4 26. Bd2 Nd5 27. Nc4 Nec7 28. e4 dxe3 29. Bxe3 Nxe3 30. Rxe3+ Kf8 31. Nd6 Ne8 32.
Rd1 Nf6 33. Rd4 Nd5 34. Re2 b6 35. Kf2 a5 36. Nc4 bxc5 37. bxc5 Rb4 38. Red2 a4 39. Ne5 Rxd4 40. Rxd4 Rb8 41. Nxc6 Rxb2+ 42. Ke1 Nf6 43. Rxa4 Rc2 44. Ra8+ Ne8 45. Bd7 f6 46. Nd4 Ke7 47. Bxe8 Bxe8 48. Rxe8+ Kxe8 49. Nxc2 1-0

[Event "Late-Titled-Tuesday-Blitz-June-18-2024"]
[Site "Chess.com"]
[Date "2024.06.18"]
[Round "4"]
[White "tgpgoat"]
[Black "monomita"]
[Result "0-1"]
[WhiteElo "2508"]
[BlackElo "2772"]
[TimeControl "180+1"]
[EndTime "14:42:07 PDT"]
[Termination "monomita won by checkmate"]

1. Nf3 e6 2. g3 c5 3. Bg2 Nc6 4. O-O g5 5. d4 g4 6. Ne5 Nxd4 7. e3 Nc6 8. Nxc6 bxc6 9. Qxg4 h5 10. Qa4 h4 11. Nc3 a5 12. e4 Rb8 13. a3 Bg7 14.
Bf4 Rxb2 15. e5 Ne7 16. Ne4 Ng6 17. Nd6+ Kf8 18. Be3 Bxe5 19. Bxc5 Kg7 20. Bd4 Bxd4 21. Qxd4+ Qf6 22. Qd3 Ne5 23. Qd1 Ba6 24. Re1 hxg3 25. fxg3 Nc4 26. Rf1 Qg5 27. Qd4+ e5 28. Rxf7+ Kg8 29.
Qa7 Nxd6 30. Rxd7 Ne8 31. Rf1 Bxf1 32. Re7 Ng7 33. Rc7 Kh7 34. Bxf1 Kh6 35. Bg2 Rb1+ 36. Kf2 Rf8+ 37. Ke2 Rc1 38. Kd3 Rd1+ 39. Kc3 Qd2+ 40. Kb3 Rb1+ 41. Ka4 Qxc2+ 42. Kxa5 Qc3+ 43. Ka6 Qxa3# 0-1

[Event "Late-Titled-Tuesday-Blitz-June-18-2024"]
[Site "Chess.com"]
[Date "2024.06.18"]
[Round "4"]
[White "kalxandria"]
[Black "djano"]
[Result "0-1"]
[WhiteElo "2240"]
[BlackElo "2589"]
[TimeControl "180+1"]
[EndTime "14:42:10 PDT"]
[Termination "djano won on time"]

1. e4 c5 2. Nf3 g6 3. d4 cxd4 4. Nxd4 Nf6 5. Nc3 Nc6 6. Bc4 Bg7 7. Bb3 O-O 8. Be3 Ng4 9. Qxg4 Nxd4 10. Qd1 Nxb3 11.
axb3 b6 12. O-O Bb7 13. f3 Qc7 14. Qd2 d6 15. Rfd1 Rfc8 16. Bd4 Bxd4+ 17. Qxd4 Qc5 18. Qxc5 Rxc5 19. b4 Rc4 20. b5 Rb4 21. b3 a5 22.
Kf2 Rc8 23. Rd3 a4 24. Rxa4 Rxa4 25. bxa4 Rc4 26. Ke3 Kf8 27. Kd2 Ke8 28. h4 h5 29.
Ke3 Rb4 30. Kd2 f6 31. Nd5 Bxd5 32. Rxd5 Rxa4 33. Rd3 Rb4 34. Rd5 Kd7 35. Rd3 Rxb5 36. Ra3 Ra5 37. Rb3 Kc6 38. Rc3+ Kb7 39. Rb3 Ra1 40. Re3 Rg1 41. Re2 Rh1 42. Kc3 Rxh4 43. Kd4 e6 44. c4 Rh1 45. Ra2 Rd1+ 46. Kc3 h4 47. Rb2 g5 48. Ra2 f5 49. exf5 exf5 50. Re2 Rg1 51. Kd3 Kc6 52. Kd4 g4 53. fxg4 fxg4 54. Ke3 g3 55. Kf3 Rf1+ 56. Kg4 Rf2 57.
Re8 Rxg2 58. Kxh4 Rg1 59. Kh3 Kc5 60. Rc8+ Kb4 61. Rc6 Rd1 62. Kxg3 Ka5 63. Kf3 d5 64. cxd5 Rxd5 65. Ke4 Rd8 66. Rc4 b5 67. Rc1 b4 68.
Ra1+ Kb5 69. Ra8 Rxa8 0-1

[Event "Late-Titled-Tuesday-Blitz-June-18-2024"]
[Site "Chess.com"]
[Date "2024.06.18"]
[Round "4"]
[White "HamedWafa4"]
[Black "FuenfgegenWilly"]
[Result "0-1"]
[WhiteElo "2658"]
[BlackElo "2529"]
[TimeControl "180+1"]
[EndTime "14:42:11 PDT"]
[Termination "FuenfgegenWilly won by checkmate"]

1. Nf3 f5 2. g3 Nf6 3. Bg2 g6 4. O-O Bg7 5. c4 O-O 6. d4 d6 7.
Qb3 a5 8. Nc3 Nc6 9. d5 Nb4 10.
Be3 h6 11. a3 Na6 12. Qc2 e5 13. dxe6 Bxe6 14. Nd4 Bxc4 15. Bxb7 Ng4 16. Nd1 Nxe3 17. Nxe3 Bf7 18. Bxa8 Qxa8 19. Nb5 Nc5 20. Rac1 Qb7 21.
Nxc7 Bb3 22. Qd2 Qxc7 23. Nd5 Qf7 24. Nf4 Ne4 25. Qxa5 Bxb2 26. Rc7 Qf6 27. Nd5 Qe6 28.
Ne7+ Kh8 29. Qb4 Bg7 30. Nxg6+ Qxg6 31. Qxb3 f4 32. Kg2 Nd2 33. Qd1 Nxf1 34. Qxf1 Qe4+ 35. Kg1 fxg3 36. hxg3 Re8 37. e3 Qa4 38. Qc1 Ra8 39. Kg2 Qe4+ 40. Kg1 d5 41. Qc6 Rb8 42. Kh2 Rb1 43.
f3 Rb2+ 44. Kh3 Qf5+ 45. Kh4 Rh2# 0-1

[Event "Late-Titled-Tuesday-Blitz-June-18-2024"]
[Site "Chess.com"]
[Date "2024.06.18"]
[Round "4"]
[White "aot317"]
[Black "arctic_t00"]
[Result "0-1"]
[WhiteElo "2543"]
[BlackElo "2733"]
[TimeControl "180+1"]
[EndTime "14:42:12 PDT"]
[Termination "arctic_t00 won by checkmate"]

1. d4 Nf6 2. c4 e6 3. Nf3 Bb4+ 4. Nbd2 O-O 5. a3 Be7 6. e4 d6 7. g3 a5 8. Bg2 Nfd7 9. O-O e5 10. b3 exd4 11. Bb2 c5 12. Ne1 Nc6 13. f4 a4 14.
b4 cxb4 15. axb4 Nxb4 16. Bxd4 Nc5 17. Nc2 Nc6 18. Be3 Bf6 19. Ra2 Re8 20. Na3 Nd4 21.
Nab1 Qa5 22. Ra3 Qb4 23. Ra2 Be6 24. Kh1 Bxc4 25. Nxc4 Qxc4 26. Rd2 Ncb3 27. Rd3 a3 28.
Rc3 Qb4 29. Bxd4 Nxd4 30. Rxa3 Rxa3 31. Nxa3 Qxa3 32. Qb1 Qb3 33. Qa1 h5 34. Qa5 Qb5 35.
Qc7 Qc6 36. Qa5 Qc5 37. Qa4 b5 38. Qa2 b4 39. Qb1 b3 40. Rc1 Qa3 41. Qd3 Qxc1+ 42. Bf1 b2 43. Kg2 b1=Q 44. Qa6 Qd2+ 45. Kh3 Qxe4 46. Qa3 Qf5+ 47. g4 Qxg4# 0-1

[Event "Late-Titled-Tuesday-Blitz-June-18-2024"]
[Site "Chess.com"]
[Date "2024.06.18"]
[Round "4"]
[White "olakenn"]
[Black "teresin05"]
[Result "1-0"]
[WhiteElo "1877"]
[BlackElo "2268"]
[TimeControl "180+1"]
[EndTime "14:42:12 PDT"]
[Termination "olakenn won by checkmate"]

1. e4 c5 2. Nc3 Nc6 3. g3 g6 4.
Bg2 Bg7 5. d3 d6 6. Nge2 Rb8 7.
Be3 Nd4 8. Qd2 b5 9. Nd1 b4 10. c3 Nxe2 11. Qxe2 bxc3 12. bxc3 e5 13. Qd2 Ne7 14. Bh6 O-O 15. h4 Bxh6 16. Qxh6 f6 17. Qd2 Be6 18. O-O Qd7 19. h5 gxh5 20. Ne3 Ng6 21. f4 exf4 22. gxf4 Bg4 23. f5 Nh4 24. Nxg4 hxg4 25. Qh6 Nxg2 26. Kxg2 Qg7 27. Qh4 Rb2+ 28. Kg3 Rfb8 29. Rf4 Kh8 30. Rxg4 Qf7 31. Rh1 Rd2 32. Rg6 Rxd3+ 33. Kf4 d5 34. Qxf6+ Qxf6 35. Rxf6 dxe4 36. Kxe4 Rxc3 37. Rf7 Kg8 38. Rhxh7 Re8+ 39. Kf4 Rc4+ 40. Kf3 Rc3+ 41. Kf4 Rc4+ 42.
Kg5 a5 43. Rhg7+ Kh8 44. Rh7+ Kg8 45. Kf6 Rd8 46. Rfg7+ Kf8 47. Rh8# 1-0

[Event "Late-Titled-Tuesday-Blitz-June-18-2024"]
[Site "Chess.com"]
[Date "2024.06.18"]
[Round "4"]
[White "Supergiuly"]
[Black "ajedrezsinlimites"]
[Result "1-0"]
[WhiteElo "2355"]
[BlackElo "2626"]
[TimeControl "180+1"]
[EndTime "14:42:13 PDT"]
[Termination "Supergiuly won by resignation"]

1. e4 c6 2. Nf3 d5 3. exd5 cxd5 4.
d4 Nf6 5. c3 Nc6 6. Bd3 Bg4 7.
Bf4 e6 8. Nbd2 Bd6 9. Bxd6 Qxd6 10. Qb3 O-O 11. O-O Rfc8 12. Rae1 Bxf3 13. Nxf3 a6 14. Ne5 b5 15. a3 Na5 16. Qc2 Nc4 17. f4 g6 18. g4 Rc7 19. f5 exf5 20. gxf5 g5 21. Qg2 h6 22. h4 g4 23. Nxg4 Nxg4 24. Qxg4+ Kh8 25. Kh1 Rg8 26. Qe2 Qf6 27. Qh2 Rcc8 28. Bxc4 bxc4 29. Qe5 Qxe5 30. Rxe5 Rgd8 31. Rf2 Rc6 32.
Kg2 Kg7 33. Kf3 Kf6 34. Kf4 Rb6 35. Rfe2 a5 36. Kg4 Rdb8 37. Rxd5 Rxb2 38. Rxb2 Rxb2 39. Rxa5 Rb3 40. Rc5 Rxc3 41. Rc6+ Ke7 42. Kh5 Rf3 43.
Rxc4 Rxf5+ 44. Kxh6 Rd5 45. Kg7 Rh5 46. d5 f6 47.
Re4+ Kd6 48. Kxf6 Kxd5 49. Ra4 Kc6 50. Kg6 Rh8 51. h5 Kb5 52. Rb4+ Kc5 53. Rf4 Rg8+ 54. Kh7 Rg3 55. h6 Rxa3 56. Kg8 Rg3+ 57. Kf8 Rh3 58. Rf6 Kd5 59. Rg6 Ke5 60. Kg7 Kf5 61. h7 Rh2 62. Rg1 1-0

[Event "Late-Titled-Tuesday-Blitz-June-18-2024"]
[Site "Chess.com"]
[Date "2024.06.18"]
[Round "4"]
[White "Statham_01"]
[Black "DanylaBagrov"]
[Result "1-0"]
[WhiteElo "2706"]
[BlackElo "2506"]
[TimeControl "180+1"]
[EndTime "14:42:14 PDT"]
[Termination "Statham_01 won by checkmate"]

1. e4 c5 2. a3 e6 3. b4 cxb4 4. axb4 Bxb4 5. Bb2 Nf6 6. e5 Nd5 7. c4 Ne7 8. Qg4 Nf5 9. Bd3 h5 10. Qf4 Qh4 11. Qf3 Nd4 12. Qe3 Nb3 13. Nf3 Qe7 14. Ra4 Nc6 15. O-O Nc5 16. Ra1 Nxd3 17. Qxd3 b6 18. Nc3 Bb7 19. Ne4 O-O 20. Nfg5 f5 21. exf6 gxf6 22. Nxf6+ Rxf6 23. Bxf6 Qxf6 24. Qh7+ Kf8 25.
Qxh5 Qg7 26. f4 Nd4 27. f5 exf5 28. Rae1 Bxd2 29. h4 Bxe1 30. Rxe1 Ne6 31. Rxe6 Qd4+ 32. Kh1 Bxg2+ 33. Kxg2 Qg4+ 34. Qxg4 fxg4 35. Rh6 Kg7 36. Rh7+ Kg6 37. Rxd7 Rc8 38. Rd4 Kh5 39. Kg3 Rf8 40. Rxg4 a5 41. c5 bxc5 42. Ne6 Rf5 43. Ng7+ Kh6 44.
Nxf5+ Kh5 45. Rg5# 1-0

[Event "Late-Titled-Tuesday-Blitz-June-18-2024"]
[Site "Chess.com"]
[Date "2024.06.18"]
[Round "4"]
[White "Rutricks"]
[Black "BilodeauA"]
[Result "0-1"]
[WhiteElo "2810"]
[BlackElo "3012"]
[TimeControl "180+1"]
[EndTime "14:42:15 PDT"]
[Termination "BilodeauA won by resignation"]

1. c4 e5 2. Nc3 d6 3. g3 Nc6 4. Bg2 g6 5. e3 Bg7 6. Nge2 Be6 7.
Nd5 Qd7 8. h3 Nd8 9. b3 c6 10.
Ndc3 f5 11. d4 Nf6 12. Bb2 O-O 13. dxe5 dxe5 14. Qxd7 Nxd7 15. O-O-O Nf7 16. Rd2 Rfd8 17. Rhd1 Bf8 18. Nb1 a5 19. Ba3 Nc5 20. Rxd8 Nxd8 21. Nec3 Nf7 22. Kb2 e4 23. f4 exf3 24. Bxf3 Ne5 25.
Be2 b6 26. Kc2 Re8 27. Bf1 Bh6 28. Bc1 a4 29. Na3 axb3+ 30. axb3 Na6 31. Na2 Nc5 32. Bg2 Ra8 33. Nc3 Kf7 34. Rf1 Ke7 35. Rd1 Ra7 36.
Nab1 Na6 37. Ba3+ Kf7 38. e4 Be3 39. Rf1 Kg7 40. Bd6 Nf7 41. Ba3 c5 42. exf5 Bxf5+ 43. Ne4 h5 44. g4 hxg4 45. hxg4 Bxg4 46. Bb2+ Bd4 47. Bxd4+ cxd4 48. Kb2 Nb4 49. Na3 Nd3+ 50. Ka2 Bf5 51. Ng3 Bg4 52. Bf3 Bxf3 53. Rxf3 Nfe5 54. Rf1 Nb4+ 55. Kb2 Ned3+ 56. Kb1 Rxa3 57. Ne4 Rxb3+ 0-1

[Event "Late-Titled-Tuesday-Blitz-June-18-2024"]
[Site "Chess.com"]
[Date "2024.06.18"]
[Round "4"]
[White "ATM622"]
[Black "NMJeevanK"]
[Result "1/2-1/2"]
[WhiteElo "2543"]
[BlackElo "2708"]
[TimeControl "180+1"]
[EndTime "14:42:16 PDT"]
[Termination "Game drawn by repetition"]

1. d4 d5 2. c4 c6 3. Nf3 e6 4.
Nbd2 Nf6 5. g3 Be7 6. Bg2 O-O 7. O-O Nbd7 8. Qc2 b6 9. b3 Bb7 10. e4 Rc8 11. Bb2 dxe4 12. Nxe4 Nxe4 13. Qxe4 Nf6 14. Qc2 c5 15. Rad1 cxd4 16. Nxd4 Bxg2 17. Kxg2 Qc7 18. Qe2 Rfd8 19. Rfe1 Bb4 20. Rf1 a6 21. a3 Bc5 22.
Kg1 Rd7 23. Nc2 Rcd8 24. Bxf6 Rxd1 25. Rxd1 Rxd1+ 26. Qxd1 gxf6 27. b4 Bd6 28. Qd3 f5 29. Ne3 Be5 30. Nc2 Qe7 31. a4 Bd6 32. Qc3 f6 33. Qd2 Qc7 34. Qe2 Kf7 35. h4 Qd7 36. b5 axb5 37. axb5 Bc5 38. Kg2 e5 39. Ne3 Bxe3 40.
Qxe3 Qc7 41. Qd3 Ke6 42. Qd5+ Ke7 43. Kf1 h5 44. Ke2 Qa7 45. Qc6 e4 46. c5 bxc5 47. b6 Qa6+ 48. Ke1 Qa1+ 49. Ke2 Qa6+ 50. Ke1 Qa1+ 51.
Ke2 Qa6+ 1/2-1/2

[Event "Late-Titled-Tuesday-Blitz-June-18-2024"]
[Site "Chess.com"]
[Date "2024.06.18"]
[Round "4"]
[White "Cxrjs"]
[Black "lamomiajunior"]
[Result "0-1"]
[WhiteElo "2523"]
[BlackElo "2693"]
[TimeControl "180+1"]
[EndTime "14:42:16 PDT"]
[Termination "lamomiajunior won on time"]

1. e4 e5 2. Nf3 Nc6 3. Bb5 a6 4. Ba4 Nf6 5. Qe2 b5 6. Bb3 Bc5 7. c3 d6 8. O-O O-O 9. Rd1 Bg4 10. h3 Bxf3 11. Qxf3 h6 12. d3 Qe7 13. Nd2 Rad8 14. Nf1 Kh7 15. a4 b4 16. a5 g6 17. Bc4 Ra8 18.
Ne3 bxc3 19. bxc3 Bxe3 20. Bxe3 Kg7 21. Rdb1 Rfb8 22. Rxb8 Nxb8 23. d4 Nbd7 24. Rb1 exd4 25. cxd4 Qd8 26. Qf4 g5 27. Qf5 Qe7 28. Rb7 Qxe4 29.
Qxe4 Nxe4 30. Rxc7 Nef6 31. Rc6 d5 32. Bxa6 Nb8 33.
Rc8 Rxa6 34. Rxb8 Rxa5 35. Rd8 Ne4 36. Kh2 Kf6 37. Rh8 Kg7 38. Rd8 Nf6 39. Rd6 Ra2 40. h4 Ng4+ 41. Kg3 Nf6 42. Kh3 g4+ 43. Kh2 g3+ 0-1

[Event "Late-Titled-Tuesday-Blitz-June-18-2024"]
[Site "Chess.com"]
[Date "2024.06.18"]
[Round "4"]
[White "lucasran"]
[Black "pouya21"]
[Result "0-1"]
[WhiteElo "2593"]
[BlackElo "2812"]
[TimeControl "180+1"]
[EndTime "14:42:18 PDT"]
[Termination "pouya21 won by resignation"]

1. c4 c6 2. Nf3 d5 3. e3 Nf6 4.
Nc3 e6 5. b3 Nbd7 6. Bb2 Bd6 7.
d4 O-O 8. Be2 b6 9. O-O Bb7 10.
Qc2 Qe7 11. Rad1 Rad8 12. Rfe1 Rfe8 13. Bf1 e5 14. dxe5 Nxe5 15. Nxe5 Bxe5 16. cxd5 Qc5 17. Rc1 Nxd5 18. Nxd5 Qxc2 19. Rxc2 Rxd5 20. Bxe5 Rexe5 21.
Be2 Rd6 22. Bf3 Re7 23. b4 Kf8 24. Rec1 Rc7 25. h3 Ke7 26. Rc3 g6 27. a4 Kd7 28.
a5 bxa5 29. bxa5 Ba6 30. Rc5 Bb5 31. h4 Rd2 32. h5 Kd6 33. Rg5 Ra2 34. Rd1+ Ke7 35.
Rc5 Rxa5 36. h6 Ra4 37. g3 f6 38. g4 Rc4 39. Rc1 Rxc1+ 40. Rxc1 c5 41. Be4 Bd7 42. f3 Be6 43. Kf2 f5 44. gxf5 gxf5 45. Bc2 Kf6 46. Kg3 Kg5 47. Rh1 c4 48. f4+ Kf6 49. Kh4 c3 50. Ra1 Bc4 51. Ra4 a6 52. Ra5 Bb5 53. Ra1 a5 54. Rg1 Be8 55. Rg5 Bg6 56. Rg1 Re7 57.
Ra1 Rxe3 58. Rxa5 Re2 59. Ra6+ Ke7 60. Ra7+ Kd6 61. Ra6+ Kc5 62. Bxf5 Bxf5 63. Ra5+ Kd4 64. Rxf5 c2 65. Rf8 c1=Q 66. Rd8+ Ke4 67. Re8+ Kf3 68. Rxe2 Kxe2 69. Kg5 Qc7 70. Kf6 Kf3 71. f5 Kg4 72. Ke6 Kg5 73. f6 Kg6 74. f7 Qxf7+ 75. Ke5 Kxh6 0-1

[Event "Late-Titled-Tuesday-Blitz-June-18-2024"]
[Site "Chess.com"]
[Date "2024.06.18"]
[Round "4"]
[White "Josetricks"]
[Black "Jarming"]
[Result "0-1"]
[WhiteElo "2388"]
[BlackElo "2646"]
[TimeControl "180+1"]
[EndTime "14:42:18 PDT"]
[Termination "Jarming won by resignation"]

1. c4 e5 2. Nc3 Nf6 3. Nf3 Nc6 4. e4 Bc5 5. Nxe5 Nxe5 6. d4 Bxd4 7. Qxd4 d6 8. Bg5 h6 9. Bh4 Be6 10. h3 g5 11. Bg3 Nc6 12. Qd2 a6 13. Be2 Ne5 14. b3 Qe7 15. Qe3 O-O-O 16. Qa7 Nc6 17. Qe3 Rde8 18. O-O Rhg8 19. b4 Nxb4 20. Rab1 c5 21.
Rfd1 Nc2 22. Qd2 Nd4 23. Rb6 Rd8 24. Rdb1 Rd7 25. Qb2 h5 26. Rxa6 Rc7 27. Bxd6 Nxe2+ 28. Nxe2 bxa6 29. Bxe7 Rxe7 30. Qxf6 Rd7 31. Qe5 Rc7 32. Nc3 Bxc4 33. Nd5 Bxd5 34. exd5 Rd8 35. Qf5+ Rcd7 36. Rb6 Kc7 37. Rc6+ Kb7 38. Rf6 Rxd5 39. Rxf7+ Kb6 40. Qe6+ Kb5 41. Rb7+ Kc4 42. Qe2+ Rd3 43. Rb3 a5 44. Rxd3 Rxd3 45. Qe4+ Kc3 46. g4 hxg4 47. hxg4 c4 48. f4 gxf4 49. g5 Rg3+ 50. Kf2 Rxg5 51. Qxf4 Rb5 52. Qe5+ Rxe5 0-1

[Event "Late-Titled-Tuesday-Blitz-June-18-2024"]
[Site "Chess.com"]
[Date "2024.06.18"]
[Round "4"]
[White "AlexeiShirov"]
[Black "Oleksandr_Bortnyk"]
[Result "0-1"]
[WhiteElo "2855"]
[BlackElo "3061"]
[TimeControl "180+1"]
[EndTime "14:42:19 PDT"]
[Termination "Oleksandr_Bortnyk won by resignation"]

1. e4 Nf6 2. e5 Nd5 3. d4 d6 4.
c4 Nb6 5. f4 dxe5 6. fxe5 Bf5 7. Nc3 e6 8. Be3 Bb4 9. Nf3 c5 10. dxc5 Qxd1+ 11. Rxd1 Na4 12. a3 Bxc3+ 13. bxc3 Nd7 14.
Nd4 Ndxc5 15. Nxf5 exf5 16. Bd4 O-O-O 17. Be2 Rhe8 18.
O-O g6 19. g4 f6 20. gxf5 fxe5 21. Bxc5 Nxc5 22. fxg6 hxg6 23. Bg4+ Kb8 24. Rd5 Ne4 25.
Re1 Nf6 26. Rxd8+ Rxd8 27. Be6 e4 28. Kf2 Rd2+ 29. Kg3 g5 30. Rf1 Rd3+ 31. Kg2 Nh5 32. Rf8+ Kc7 33. Bf5 Nf4+ 34. Kf1 Rf3+ 35. Ke1 Kd6 36.
Rd8+ Ke5 37. Bc8 Rxc3 38. Re8+ Kd4 39. Bxb7 e3 40. Rd8+ Kxc4 41. Rc8+ Kb3 42. Rxc3+ Kxc3 43. Bc6 a6 44. a4 Kd3 45. Bb7 a5 46. Ba6+ Kd4 47. Bb5 Nd5 48. Be8 Nc3 49. Bd7 Ke4 50.
Be8 Kf3 51. Bc6+ Kg4 52. Kf1 Kh3 53. Kg1 Ne2+ 54. Kf1 Nd4 55. Bd7+ Kxh2 0-1

[Event "Late-Titled-Tuesday-Blitz-June-18-2024"]
[Site "Chess.com"]
[Date "2024.06.18"]
[Round "4"]
[White "Finejupiter"]
[Black "talaicito"]
[Result "0-1"]
[WhiteElo "1871"]
[BlackElo "2302"]
[TimeControl "180+1"]
[EndTime "14:42:19 PDT"]
[Termination "talaicito won on time"]

1. e4 c5 2. b4 b6 3. bxc5 bxc5 4.
Nf3 Nc6 5. Bb5 Qb6 6. Nc3 a6 7. Nd5 Qb7 8. Bc4 e6 9. Nc3 Na5 10. Be2 d6 11. O-O Nf6 12. d4 cxd4 13. Qxd4 Be7 14.
Ba3 Qc7 15. Rfd1 O-O 16. h3 Rd8 17. Qe3 Bb7 18. Rab1 Rac8 19. Na4 Bxe4 20. Nd4 Rb8 21. Bxa6 Qa7 22. Be2 Qa8 23. g3 e5 24. Nf3 Nc4 25.
Bxc4 Bxf3 26. Rd3 Qxa4 27. Rxb8 Rxb8 28. Bb3 Qa8 29. Qxf3 e4 30. Qe3 exd3 31. Qxe7 Qxa3 32. Qxf7+ Kh8 33. Qc7 Re8 34. cxd3 Qb2 35. Qf7 Qe5 36. h4 d5 37. Kg2 h6 38. a4 Qe6 39. Qb7 Qf5 40. Qb5 Re2 41. Qb6 Ng4 0-1